cohdb
Replays
Latest Replays
All Replays
Popular Replays
Top Player Replays
Match Explorer
How It Works
Community
CoH3 Stats
Reddit
Sign in to upload your games and track your stats! →
Sign in with Steam
Match 43208775
Unlisted
Match 43208775
Overview
Messages
Build Orders
End
Construct Infanterie Kompanie
Kettenkrad Recon Vehicle
MG 42 Machine Gun Team
Grenadier Squad
MG 42 Machine Gun Team
Selects Breakthrough Battlegroup
Selects Assault Grenadiers
GrW 34 Mortar Team
MG 42 Machine Gun Team
Construct Luftwaffe Kompanie
AI Takeover
BigInc
AxiosGorilla
Nukepapa
__Alien____
0
0
Comments
sign in to comment!
No comments posted yet!